 Dungeon Crawl Stone Soup version 0.24-a0-769-g368c1644f8 (webtiles) character file.

Game seed: 14226494672259841006, levelgen mode: deterministic

20242 Flugkiller the Grappler (level 12, -1/123 (124) HPs)
             Began as a Troll Venom Mage on Oct 3, 2019.
             Was a High Priest of Okawaru.
             Slain by a death drake (shapeshifter) (12 damage)
             ... on level 10 of the Dungeon.
             The game lasted 00:21:40 (13181 turns).

Flugkiller the Grappler (Troll Venom Mage)         Turns: 13181, Time: 00:21:40

HP:   -1/123 (124)  AC: 18    Str: 23    XL:     12   Next: 43%
MP:   11/17         EV: 14    Int: 11    God:    Okawaru [*****.]
Gold: 925           SH:  0    Dex: 10    Spells: 12/13 levels left

rFire    . . .     SeeInvis .     - Unarmed
rCold    . . .     Gourm    +   (no shield)
rNeg     . . .     Faith    .   K - +2 robe {MR+}
rPois    .         Spirit   .   (helmet restricted)
rElec    .         Reflect  .   H - +0 cloak
rCorr    .         Harm     .   (gloves unavailable)
MR       +....                  (boots unavailable)
Stlth    +++.......             a - amulet of rage
HPRegen  0.70/turn              j - +4 ring of protection
MPRegen  0.15/turn              L - +5 ring of protection

@: lethally poisoned (-1 -> -1), heroism, finesse, slowed, very slow
A: large, unfitting armour, claws 3, fast metabolism 3, gourmand, regeneration
1, shaggy fur 1, tough skin 3
a: Heroism, Finesse, Renounce Religion, Evoke Berserk Rage


You were on level 10 of the Dungeon.
You worshipped Okawaru.
Okawaru was extremely pleased with you.
You were very full.

You visited 3 branches of the dungeon, and saw 15 of its levels.

You collected 925 gold pieces.

Inventory:

Missiles
 g - 31 poisoned darts (quivered)
 B - 10 curare-tipped darts
 G - a throwing net
 J - 8 atropa-tipped darts
Armour
 H - a +0 cloak (worn)
   (You found it on level 3 of the Lair of Beasts)
 I - a +2 robe of cold resistance
   (You took it off Fannar on level 2 of the Lair of Beasts)
 K - a +2 robe of magic resistance (worn)
   (You took it off Pikel on level 9 of the Dungeon)
 R - a +0 troll leather armour
   (You found it on level 10 of the Dungeon)
Jewellery
 a - an amulet of rage (around neck)
   (You found it on level 3 of the Lair of Beasts)
 b - an uncursed ring of protection from fire
   (You found it on level 1 of the Dungeon)
 h - an uncursed ring of stealth
   (You took it off a goblin on level 1 of the Dungeon)
 j - a +4 ring of protection (left claw)
   (You found it on level 4 of the Dungeon)
 r - an uncursed ring of protection from cold
   (You found it on level 1 of the Lair of Beasts)
 L - a +5 ring of protection (right claw)
   (You found it on level 4 of the Lair of Beasts)
Wands
 i - a wand of flame (18)
   (You found it on level 9 of the Dungeon)
 t - a wand of digging (4)
   (You took it off Natasha on level 3 of the Dungeon)
 w - a wand of iceblast (3)
   (You found it on level 2 of the Lair of Beasts)
 z - a wand of polymorph (7)
   (You found it on level 6 of the Dungeon)
 M - a wand of acid (7)
   (You found it on level 9 of the Dungeon)
Scrolls
 d - 3 scrolls of teleportation
 k - 2 scrolls of immolation
 n - a scroll of enchant armour
 q - 8 scrolls of remove curse
 s - 2 scrolls of fog
 y - 5 scrolls of magic mapping
 F - a scroll of torment {unknown}
 N - a scroll of silence {unknown}
 P - 2 scrolls of noise {unknown}
Potions
 e - 3 potions of flight
 f - 2 potions of magic
 l - 4 potions of agility
 m - 3 potions of resistance
 p - 3 potions of invisibility
 u - 3 potions of mutation
 v - 3 potions of haste
 x - 2 potions of brilliance
 A - a potion of heal wounds
 C - a potion of berserk rage
 D - a potion of might
 E - a potion of lignification
 O - 2 potions of cancellation {unknown}
Comestibles
 c - 23 rations
 Q - 9 chunks of flesh


   Skills:
 + Level 9.5(14.5) Fighting
 - Level 6.0(11.0) Dodging
 - Level 1.0(6.0) Stealth
 + Level 13.2(18.2) Unarmed Combat
 - Level 1.2 Spellcasting
 - Level 0.6 Conjurations
 - Level 2.1 Poison Magic
 - Level 8.0 Invocations


You had 12 spell levels left.
You knew the following spells:

 Your Spells              Type           Power        Failure   Level  Hunger
a - Sting                 Conj/Pois      #...         19%         1    ##.....

Your spell library contained the following spells:

 Spells                   Type           Power        Failure   Level  Hunger
 Magic Dart               Conj           #...         26%         1    ##.....
 Poisonous Vapours        Pois/Air       #.....       30%         2    ###....
 Searing Ray              Conj           #.....       36%         2    ###....
 Blink                    Tloc           N/A          43%         2    ###....
 Call Imp                 Summ           #.......     43%         2    ###....
 Slow                     Hex            #.......     43%         2    ###....
 Mephitic Cloud           Conj/Pois/Air  #.......     54%         3    ####...
 Conjure Flame            Conj/Fire      #.......     63%         3    ####...
 Dazzling Spray           Conj/Hex       #.....       63%         3    ####...
 Olgreb's Toxic Radiance  Pois           #.......     77%         4    #####..
 Iskenderun's Mystic Bla  Conj           #.......     94%         4    #####..
 Force Lance              Conj/Tloc      #.......     95%         4    #####..
 Fulminant Prism          Conj/Hex       #.........   95%         4    #####..
 Venom Bolt               Conj/Pois      #.........   99%         5    ######.


Dungeon Overview and Level Annotations

Branches:
Dungeon (10/15)            Temple (0/1) D:7            Lair (4/6) D:8
  Swamp (0/4) Lair:3        Snake (1/4) Lair:3
    Orc: D:9-12

Altars:
Ashenzari
Cheibriados
Dithmenos
Elyvilon
Fedhas
Gozag
Makhleb
Nemelex Xobeh
Okawaru
Trog
Xom
Yredelemnul
Zin
The Shining One

Shops:
D:5 (   D:6 :

Annotations:
D:4 1 runed translucent door, Sigmund; ximxim's ghost, amateur HuWz
D:5 1 runed translucent door, Dexcius's ghost, amateur MiWr
Lair:2 exclusion: 2 oklob plants


Innate Abilities, Weirdness & Mutations

You are too large for most types of armour.
You have claws for hands.
Your metabolism is lightning-fast.
You like to eat raw meat.
Your natural rate of healing is unusually fast.
You are covered in fur. (AC +1)
You have extremely tough skin. (AC +3)


Message History

You closely miss the death drake.
The death drake is moderately wounded.
You are engulfed in dark miasma.
You are lethally poisoned!
You feel your flesh rotting away!
You feel ill.
* * * LOW HITPOINT WARNING * * *
You feel very sick. The death drake bites you!
* * * LOW HITPOINT WARNING * * *
You closely miss the death drake.
The death drake is moderately wounded.
You are engulfed in dark miasma.
You are more poisoned.
* * * LOW HITPOINT WARNING * * *
* * * LOW HITPOINT WARNING * * *
You feel very sick.
You completely miss the death drake.
The death drake is moderately wounded.
You are engulfed in dark miasma.
You are more poisoned.
You feel yourself slow down.
* * * LOW HITPOINT WARNING * * *
* * * LOW HITPOINT WARNING * * *
You feel very sick. The death drake completely misses you.
You scratch the death drake.
The death drake is moderately wounded.
You are engulfed in dark miasma.
You are more poisoned.
You feel your flesh rotting away!
You feel as though you will be slow longer.
* * * LOW HITPOINT WARNING * * *
* * * LOW HITPOINT WARNING * * *
You feel very sick.
Okay, then.
You feel better.
You are engulfed in dark miasma.
You are poisoned.
You feel your flesh rotting away!
You feel ill.
* * * LOW HITPOINT WARNING * * *
You feel very sick. The death drake bites you!
* * * LOW HITPOINT WARNING * * *
The death drake bites you.
* * * LOW HITPOINT WARNING * * *
You feel better.
You are engulfed in dark miasma.
You are poisoned.
You feel your flesh rotting away!
You feel as though you will be slow longer.
* * * LOW HITPOINT WARNING * * *
You feel sick. The death drake bites you!
You die...

#.# ### ####.####..
#.....†)... ###
#.....)†### #..
#.......# #.#
#.......# ###.####
#.......# #..k...#
#.......### #@##.
#.......... #.##.
########### #.##.##
# #.##..# #######
#.#.##.#.## #......
#$..[..##.####.#####
###..##........#
#.....#.######
####.#)##


You could see a death drake.

Vanquished Creatures
  Fannar (Lair:2)
  A hydra (Lair:3)
  Pikel (D:9)
  4 elephants (Lair:4)
  2 black mambas (Lair:1)
  Joseph (D:8)
  2 spiny frogs (Lair:2)
  A komodo dragon (Lair:2)
  A torpor snail (Lair:3)
  2 rime drakes (Lair:1)
  2 trolls (D:10)
  Grinder (D:5)
  8 blink frogs
  7 hippogriffs
  18 yaks
  A spriggan (D:8)
  A wyvern (Lair:2)
  Eustachio (D:6)
  A wraith (D:9)
  3 vampire mosquitoes (Lair:3)
  3 hungry ghosts
  2 steam dragons
  A naga (Lair:3)
  5 water moccasins
  5 porcupines
  3 ice beasts
  A sky beast (D:6)
  5 ogres
  A phantom (D:4)
  3 orc warriors
  5 centaurs
  6 wolves (Lair:1)
  3 crocodiles
  Blork the orc (D:4)
  2 big kobolds
  16 bullfrogs
  A wyvern zombie (D:7)
  A wyvern skeleton (D:8)
  6 killer bees (D:9)
  5 wights (D:8)
  A howler monkey (D:6)
  5 crimson imps
  4 bullfrog zombies
  8 hounds
  3 jellies
  8 orc wizards
  10 orc priests
  2 bullfrog skeletons (D:7)
  2 iguanas (D:5)
  6 worker ants
  Natasha (thrice) (D:3)
  A hound skeleton (D:6)
  10 adders
  4 gnolls
  3 shadow imps
  An ooze (D:3)
  5 worms
  5 dart slugs
  2 leopard geckos
  20 orcs
  A ball python (D:1)
  4 giant cockroaches
  2 gnoll zombies (D:7)
  5 goblins
  3 hobgoblins
  17 jackals
  18 kobolds
  6 quokkas
  4 bats
  3 frilled lizards
  A jackal skeleton (D:7)
  4 rats
305 creatures vanquished.

Vanquished Creatures (others)
  A slave (D:9)
  A centaur zombie (D:9)
  5 fungi
  A plant (Lair:4)
  A withered plant (D:4)
9 creatures vanquished.

Grand Total: 314 creatures vanquished

Notes
Turn   | Place    | Note
-------+----------+-------------------------------------------
     0 | D:1      | Flugkiller the Troll Venom Mage began the quest for the
                  | Orb.
     0 | D:1      | Reached XP level 1. HP: 16/16 MP: 1/1
    89 | D:1      | Reached skill level 1 in Unarmed Combat
   162 | D:1      | Reached XP level 2. HP: 24/24 MP: 2/2
   186 | D:1      | Reached skill level 2 in Unarmed Combat
   366 | D:1      | Reached XP level 3. HP: 30/31 MP: 3/3
   736 | D:2      | Found a glowing silver altar of Zin.
   744 | D:2      | Reached skill level 3 in Unarmed Combat
  1312 | D:2      | Reached XP level 4. HP: 35/39 MP: 4/4
  1648 | D:3      | Reached skill level 4 in Unarmed Combat
  1675 | D:3      | Noticed Natasha
  1688 | D:3      | Killed Natasha
  1727 | D:3      | Noticed Natasha
  1752 | D:3      | Reached XP level 5. HP: 37/45 MP: 5/5
  1855 | D:3      | Killed Natasha
  1855 | D:3      | Reached skill level 5 in Unarmed Combat
  1877 | D:3      | Noticed Natasha
  1885 | D:3      | Killed Natasha
  1885 | D:3      | Reached skill level 1 in Fighting
  2378 | D:4      | Found a shattered altar of Ashenzari.
  2411 | D:4      | Reached XP level 6. HP: 55/57 MP: 6/6
  2451 | D:4      | Found a runed translucent door.
  2451 | D:4      | Noticed ximxim's ghost (amateur HuWz)
  2716 | D:4      | Noticed Sigmund
  3064 | D:4      | Noticed Blork the orc
  3078 | D:4      | Killed Blork the orc
  3078 | D:4      | Reached skill level 6 in Unarmed Combat
  3078 | D:4      | Reached XP level 7. HP: 67/67 MP: 7/7
  3260 | D:5      | Entered Level 5 of the Dungeon
  3322 | D:5      | Noticed Dexcius's ghost (amateur MiWr)
  3326 | D:5      | Found a runed translucent door.
  3372 | D:5      | Found Riraheac's Antique Weapon Emporium.
  3562 | D:5      | Found a blossoming altar of Fedhas.
  3677 | D:5      | You fall into a shaft and drop 3 floors!
  3785 | D:6      | Reached skill level 7 in Unarmed Combat
  3793 | D:6      | Reached XP level 8. HP: 57/79 MP: 8/8
  3829 | D:6      | Reached skill level 5 in Fighting
  3875 | D:6      | Found Mijynuun's Book Shoppe.
  3901 | D:6      | Found a burning altar of Makhleb.
  4083 | D:6      | Reached skill level 8 in Unarmed Combat
  4097 | D:6      | Found an iron altar of Okawaru.
  4098 | D:6      | Found a bloodstained altar of Trog.
  4198 | D:6      | Became a worshipper of Warmaster Okawaru
  4219 | D:6      | Noticed Grinder
  4221 | D:6      | Paralysed by Grinder for 6 turns
  4228 | D:6      | Noticed Eustachio
  4245 | D:5      | Killed Grinder
  4262 | D:6      | Killed Eustachio
  4448 | D:6      | Found a shimmering altar of Xom.
  4723 | D:5      | Reached * piety under Okawaru
  4901 | D:7      | Found a basalt altar of Yredelemnul.
  4922 | D:7      | Found a staircase to the Ecumenical Temple.
  4930 | D:7      | Reached skill level 9 in Unarmed Combat
  4930 | D:7      | Reached XP level 9. HP: 89/89 MP: 9/9
  4973 | D:7      | Found a snail-covered altar of Cheibriados.
  5015 | D:7      | Found a bloodstained altar of Trog.
  5171 | D:7      | Found a snail-covered altar of Cheibriados.
  5227 | D:7      | Reached skill level 10 in Unarmed Combat
  5249 | D:7      | Found a shadowy altar of Dithmenos.
  5296 | D:7      | Reached ** piety under Okawaru
  5938 | D:8      | Reached skill level 1 in Invocations
  6192 | D:8      | Reached *** piety under Okawaru
  6209 | D:8      | Reached XP level 10. HP: 82/100 MP: 11/11
  6409 | D:8      | Noticed Joseph
  6431 | D:8      | Killed Joseph
  6592 | D:8      | Found a glowing golden altar of the Shining One.
  6618 | D:8      | Found a staircase to the Lair.
  6772 | D:8      | Found a white marble altar of Elyvilon.
  6819 | Lair:1   | Entered Level 1 of the Lair of Beasts
  7022 | Lair:1   | Noticed a black mamba
  7029 | Lair:1   | Killed a black mamba
  7029 | Lair:1   | Reached **** piety under Okawaru
  7029 | Lair:1   | Reached skill level 11 in Unarmed Combat
  7262 | Lair:1   | Noticed Sonja
  7283 | Lair:1   | Reached skill level 5 in Dodging
  7284 | Lair:1   | Noticed Sonja
  7284 | Lair:1   | Sonja changed into Sonja the rime drake
  7290 | Lair:1   | Killed Sonja the rime drake
  7544 | Lair:1   | Noticed a black mamba
  7559 | Lair:1   | Killed a black mamba
  8054 | Lair:1   | Reached ***** piety under Okawaru
  8471 | Lair:1   | Reached skill level 12 in Unarmed Combat
  8507 | Lair:1   | Reached XP level 11. HP: 52/111 MP: 12/12
  8804 | Lair:2   | Noticed an oklob plant
  8804 | Lair:2   | Noticed an oklob plant
  8883 | Lair:2   | Noticed Fannar
  8903 | Lair:2   | Killed Fannar
  8903 | Lair:2   | Received a gift from Okawaru
  8903 | Lair:2   | Reached skill level 5 in Invocations
  8904 | Lair:2   | Got an ancient mace {god gift}
  9497 | Lair:3   | Found a staircase to the Snake Pit.
  9530 | Lair:3   | Noticed a four-headed hydra
  9759 | Lair:2   | Received a gift from Okawaru
  9766 | Lair:2   | Got a fine longbow {god gift}
  9767 | Lair:2   | Identified the +4 longbow of Resourcefulness {flame, *Drain
                  | MP+9 Int+6 Dex+2} (Okawaru gifted it to you on level 2 of
                  | the Lair of Beasts)
 10046 | Lair:3   | Found a staircase to the Swamp.
 10203 | Lair:3   | Killed an eight-headed hydra
 10291 | Lair:3   | Found a snail-covered altar of Cheibriados.
 11061 | Snake:1  | Entered Level 1 of the Snake Pit
 11061 | Snake:1  | Noticed a naga ritualist
 11061 | Snake:1  | Noticed an anaconda
 11301 | Lair:3   | Reached XP level 12. HP: 103/122 MP: 17/17
 11418 | Lair:4   | Received a gift from Okawaru
 11431 | Lair:4   | Noticed a seven-headed hydra
 11740 | Lair:4   | Noticed a six-headed hydra
 12030 | D:9      | Found a sparkling altar of Nemelex Xobeh.
 12206 | D:9      | Noticed Pikel
 12221 | D:9      | Killed Pikel
 12375 | D:9      | Reached skill level 13 in Unarmed Combat
 12437 | D:9      | Received a gift from Okawaru
 12447 | D:9      | Got a shimmering halberd {god gift}
 12448 | D:9      | Identified the +2 halberd "Passanax" {drain, Fragile rF+
                  | rC+++ Int-2 Dex+4} (Okawaru gifted it to you on level 9 of
                  | the Dungeon)
 12819 | D:10     | Entered Level 10 of the Dungeon
 12915 | D:10     | Found an opulent altar of Gozag.
 13181 | D:10     | Slain by a death drake (shapeshifter)

Levels and vault maps discovered:
D:1:      dpeg_arrival_rooms_b, layout_loops_ring, minmay_close_crescents
D:2:      layout_loops_cross, lemuel_crystal_altar, first_ration,
          kennysheep_big_empty_room
D:3:      layout_basic, serial_bayou_lagoon_a, patterned_corridor, uniq_natasha
D:4:      layout_basic, cheibrodos_ashenzari_chains, gammafunk_ghost_grave,
          uniq_sigmund, uniq_blork_the_orc
D:5:      layout_cave_pods, fedhas_altar_1, serial_shops, shop,
          hellmonk_ghost_happy_afterlife
D:6:      layout_cave_pools, grunt_temple_overflow_bloody_war,
          old_standard_altar, tgw_xom, serial_shops, shop_fountains,
          hangedman_abyss_or_decor_stagger, minmay_checkerbox, uniq_eustachio,
          uniq_grinder
D:7:      layout_gridville, lemuel_coloured_pillars_altar,
          overflow_temple_1_default, lemuel_zombie_altar_yredelemnul,
          minmay_temple_entry_mini_moons, basic_altar, david_defended_altar_elf
D:8:      layout_loops_ring, kennysheep_little_box, kennysheep_mini,
          grunt_lair_entry_orc_guard_hut, the_bakery, uniq_joseph
D:9:      layout_loops_corners, lemuel_round_altar, uniq_pikel
D:10:     layout_loops_cross, special_room [special_room_orc],
          grunt_gozag_statues
Lair:1:   layout_layer_cave, st_stairs_10, uniq_sonja
Lair:2:   layout_long_grid, grunt_megastairs_4, minmay_lair_oklob_chamber,
          uniq_fannar
Lair:3:   layout_small_grid, minmay_swamp_entry_swarm,
          guppyfry_snake_entry_island, basic_altar, grunt_megastairs_2
Lair:4:   layout_gridlike, serial_bayou_shore_b, grunt_megastairs_3
Snake:1:  layout_grid_shapes

Skill      XL: |  1  2  3  4  5  6  7  8  9 10 11 12 |
---------------+-------------------------------------+-----
Unarmed Combat | 1 2 3 4 5 6 7 9 10 12 13 | 13.2
Fighting       | 2 3 4 6 8 9 |  9.5
Dodging        | 3 5 6 |  6.0
Invocations    | 3 8 |  8.0
Stealth        | |  1.0
Spellcasting   | |  1.2
Conjurations   | |  0.6
Poison Magic   | |  2.1

Action                   |  1- 3 |  4- 6 |  7- 9 | 10-12 || total
-------------------------+-------+-------+-------+-------++-------
Melee: Unarmed           |   113 |   137 |   341 |   570 ||  1161
       Punch             |       |     4 |    11 |    29 ||    44
 Cast: Sting             |     1 |     1 |       |       ||     2
Invok: Heroism           |       |       |       |     7 ||     7
       Finesse           |       |       |       |     3 ||     3
 Abil: Evoke Berserk Rag |       |       |       |     2 ||     2
Evoke: Wand              |       |       |     1 |     8 ||     9
  Use: Scroll            |       |     9 |     5 |     8 ||    22
       Potion            |       |       |       |     6 ||     6
 Stab: Sleeping          |     4 |     8 |     2 |       ||    14
       Invisible         |       |       |     1 |       ||     1
  Eat: Chunk             |    17 |    15 |    39 |    75 ||   146
       Ration            |       |       |       |     2 ||     2
Armor: Robe              |    35 |    30 |   120 |   179 ||   364
Dodge: Dodged            |    46 |    40 |   170 |   308 ||   564

Table legend:
 A = Non-vault XP
 B = Vault XP
 C = Vault XP percentage of total XP
 D = Non-vault monster count
 E = Vault monster count
 F = Vault count percentage of total count
                 A         B        C        D         E       F
            +---------+---------+-------+---------+---------+-------
      Total |   22695 |    6223 |  21.5 |     262 |      43 |  14.1
            +---------+---------+-------+---------+---------+-------
        D:1 |      38 |      11 |  22.4 |      19 |       5 |  20.8
        D:2 |      54 |       0 |   0.0 |      13 |       0 |   0.0
        D:3 |     221 |      35 |  13.7 |      22 |       1 |   4.3
        D:4 |     347 |     100 |  22.4 |      12 |       1 |   7.7
        D:5 |     276 |     281 |  50.4 |      11 |       1 |   8.3
        D:6 |     950 |     252 |  21.0 |      16 |      11 |  40.7
        D:7 |    1911 |       3 |   0.2 |      38 |       2 |   5.0
        D:8 |     995 |    1249 |  55.7 |      16 |       6 |  27.3
        D:9 |    1812 |     607 |  25.1 |      30 |       1 |   3.2
       D:10 |    1372 |       0 |   0.0 |      23 |       0 |   0.0
     Lair:1 |    3615 |    1080 |  23.0 |      18 |       4 |  18.2
     Lair:2 |    3117 |    1540 |  33.1 |      13 |       4 |  23.5
     Lair:3 |    5231 |    1065 |  16.9 |      22 |       7 |  24.1
     Lair:4 |    2756 |       0 |   0.0 |       9 |       0 |   0.0
            +---------+---------+-------+---------+---------+-------
